 Dungeon Crawl Stone Soup version 0.18-a0-1243-g9e52518 (webtiles) character file.

84105 nuthulu the Warrior (level 15, -1/107 HPs)
             Began as a Gargoyle Fighter on Feb 6, 2016.
             Was the Champion of Okawaru.
             Killed by divine providence
             ... invoked by an orc high priest
              (16 damage)
             ... on level 2 of the Orcish Mines.
             The game lasted 00:51:29 (24104 turns).

nuthulu the Warrior (Gargoyle Fighter)             Turns: 24104, Time: 00:51:29

Health: -1/107     AC: 49    Str: 21    XL:     15   Next: 79%
Magic:  13/15      EV:  7    Int: 12    God:    Okawaru [******]
Gold:   1279       SH: 20    Dex: 17    Spells: 0 memorised, 14 levels left

rFire  . . .     SeeInvis .     J - +4 eveningstar (drain)
rCold  . . .     Gourm    .     G - +1 crystal plate armour
rNeg   + + +     Faith    .     c - +1 shield
rPois  ∞         Spirit   .     F - +2 helmet
rElec  +         Dismiss  .     B - +1 cloak {rPois}
rCorr  .         Reflect  +     L - +2 pair of gloves {Dex+3}
SustAt .         Harm     .     T - +1 pair of boots of Feasting {rN+ Int+3}
MR     ++...                    n - +4 amulet of reflection
Stlth  ..........               U - ring of protection from magic
                                O - ring of positive energy

@: heroism, flying, very resistant to hostile enchantments, extremely unstealthy
A: big wings, negative energy resistance 1, electricity resistance, unbreathing,
petrification resistance, rot immunity, AC +11
a: Stop Flying, Heroism, Finesse, Renounce Religion


You were on level 2 of the Orcish Mines.
You worshipped Okawaru.
Okawaru was exalted by your worship.
You were hungry.

You visited 5 branches of the dungeon, and saw 23 of its levels.
You also visited: Labyrinth and Volcano.

You collected 1436 gold pieces.
You spent 157 gold pieces at shops.

Inventory:

Hand Weapons
 j - a +3 flail of protection
 C - a +0 demon whip of slashing
 J - a +4 eveningstar of draining (weapon)
Armour
 c - a +1 shield (worn)
 B - a +1 cloak of poison resistance (worn)
 F - a +2 helmet (worn)
 G - a +1 crystal plate armour (worn)
 L - a +2 pair of gloves of dexterity (worn)
 T - the +1 pair of boots of Feasting (worn) {rN+ Int+3}
   (You found it in a labyrinth)

   It affects your intelligence (+3).
   It protects you from negative energy.
 V - a +2 plate armour of fire resistance
Jewellery
 k - a +4 ring of dexterity
 n - a +4 amulet of reflection (around neck)
 p - an uncursed amulet of rage
 s - an uncursed ring of fire
 O - a ring of positive energy (left hand)
 U - a ring of protection from magic (right hand)
Wands
 e - a wand of slowing (19/48)
 g - a wand of slowing (48/48)
 t - a wand of paralysis (13/24)
 u - a wand of digging (12/24)
 y - a wand of digging (12/24)
 R - a wand of slowing (25/48)
 S - a wand of flame (8/48)
Scrolls
 r - 9 scrolls of remove curse
 w - 2 scrolls of holy word
 x - 6 scrolls of fog
 D - 2 scrolls of blinking
 H - 4 scrolls of magic mapping
 N - a scroll of recharging
 P - a scroll of fear
 W - 3 scrolls of identify
 X - 3 scrolls of teleportation
Potions
 a - a potion of lignification
 d - 2 potions of might
 h - 5 potions of curing
 i - a potion of cure mutation
 q - 2 potions of agility
 v - 3 potions of haste
 z - a potion of flight
 E - 5 potions of berserk rage
 I - a potion of heal wounds
 M - a potion of mutation
 Y - a potion of brilliance
Comestibles
 b - 7 meat rations
 f - 6 bread rations
 l - 5 beef jerkies
 m - 6 royal jellies
 o - 8 slices of pizza
 A - 8 fruits


   Skills:
 - Level 17.3(22.3) Fighting
 - Level 16.0(21.0) Maces & Flails
 + Level 12.0(17.0) Armour
 + Level 12.0(17.0) Shields


You had 14 spell levels left.
You didn't know any spells.

Dungeon Overview and Level Annotations

Branches:
Dungeon (11/15)            Temple (1/1) D:5            Lair (8/8) D:10
 Shoals (0/4) Lair:4       Spider (1/4) Lair:5        Slime (0/6) Lair:7
    Orc (2/2) D:11
    Elf: Orc:2

Altars:
Ashenzari
Cheibriados
Dithmenos
Elyvilon
Fedhas
Gozag
Kikubaaqudgha
Makhleb
Nemelex Xobeh
Okawaru
Pakellas
Qazlal
Ru
Sif Muna
Trog
Vehumet
Xom
Yredelemnul
Zin
The Shining One
Beogh

Shops:
D:6 *   D:9 [   D:10 [   Orc:2 %!

Annotations:
Lair:2 exclusion: oklob plant
Lair:7 exclusion: oklob plant


Innate Abilities, Weirdness & Mutations

You are resistant to torment.
Your stone body is resilient (AC +11).
You are immune to poison.
Your large and strong wings let you fly indefinitely.
You resist negative energy.
You are resistant to electric shocks.
You can survive without breathing.
You are immune to petrification.
You are immune to rotting.


Message History

The orc high priest mumbles some strange prayers to Beogh.
Items here: )) [[ † a dire flail; a leather armour; a glaive; a scale mail a putrid demonspawn corpse You gain the combat prowess of a mighty hero.
You feel slightly more hungry. You block the orc sorcerer's attack.
You puncture the orc sorcerer!
You kill the orc sorcerer!
Okawaru accepts your kill.
The orc high priest invokes the aid of Beogh against you.
Something smites you!
* * * LOW HITPOINT WARNING * * *
Items here: ))) [[[ † You block the orc high priest's attack.
Things that are here:
a mace; a chain mail; an orc corpse You block the hellwing's attack. x2
The orc high priest invokes the aid of Beogh against you.
Something smites you!
You die...

##.)###)..## ##..........##
##..###)#)#.## ##...........
##..###)..#...## #...........
##..###.).###...## ##...........
#..###...##.##)..## #............
........##...##...####.#.........
...#...## #..##..)####.......#..
.#....## #..##)#.###..........
.....## #..@)...###.(.......
.#..## ##o#4....###........
.....## #.3.....###..(......
.#....## #..##.#.###..........
..)#...## #..# ...###...........
..÷).)).##...# ...###............
#..###)..##.# ..###......(......
##))###...## ..###..............
###.)###...# ##........(......


You could see an orc high priest, a hellwing and a smoke demon.

Vanquished Creatures
  Gastronok (Lair:1)
  The ghost of Conn321 the Destroyer, a journeyman DgCj (Lair:7)
  A stone giant (Orc:2)
  Azrael (Orc:2)
  Josephine (Lair:5)
  The ghost of Gagarin the Grappler, a journeyman TrMo of Ru (Orc:2)
  A minotaur (Lab)
  An ice dragon (Lair:8)
  7 hydras
  A catoblepas (Lair:8)
  8 death yaks
  Urug (Lair:1)
  2 orc high priests (Orc:2)
  Nergalle (Lair:2)
  Sonja (Lair:1)
  2 putrid demonspawn (Orc:2)
  4 orc knights (Orc:2)
  5 orc sorcerers (Orc:2)
  3 griffons
  A wolf spider (Lair:5)
  A toenail golem (Volcano)
  11 elephants (Lair:7)
  9 black mambas
  2 molten gargoyles (Lair:4)
  A rust devil (Orc:2)
  A smoke demon (Volcano)
  2 orange demons (Orc:2)
  A centaur skeleton (D:10)
  15 spiny frogs
  2 torpor snails
  Joseph (D:7)
  9 komodo dragons
  An ice devil (Orc:2)
  A red devil (Volcano)
  A spriggan druid (Lair:8)
  A jumping spider (Lair:5)
  3 trolls
  5 polar bears
  A two-headed ogre (D:7)
  27 blink frogs
  2 boulder beetles
  Sigmund (D:4)
  13 spriggans (Lair:8)
  5 redbacks
  A wyvern (D:9)
  A ynoxinul (Orc:2)
  5 wraiths (Lair:5)
  38 yaks
  3 fire bats (Volcano)
  4 fire elementals (Orc:2)
  7 hippogriffs
  A steam dragon (D:10)
  A basilisk (Lair:6)
  A human (D:7)
  2 chaos spawn (Orc:2)
  35 wolves
  A warg (Orc:2)
  23 water moccasins
  15 porcupines
  2 hell hounds (Orc:2)
  18 orc warriors
  2 ice beasts
  A sky beast (D:10)
  8 black bears
  7 ogres
  4 phantoms
  3 wasps (Lair:8)
  6 centaurs
  11 crocodiles
  A big kobold (D:9)
  Blork the orc (D:5)
  18 giant frogs
  A wyvern zombie (D:8)
  4 scorpions
  13 wights
  4 electric eels
  8 crimson imps
  6 lava snakes
  2 centaur zombies
  A giant frog zombie (D:5)
  A human zombie (D:8)
  2 jellies
  24 orc priests
  A giant frog skeleton (D:4)
  Jessica (D:3)
  9 iguanas
  6 orc wizards
  13 worker ants
  25 sheep
  A killer bee zombie (D:6)
  2 hound zombies
  4 hound skeletons
  Robin (D:4)
  9 gnolls
  43 river rats
  6 adders
  2 shadow imps (D:6)
  3 white imps (Lair:8)
  An ooze (D:4)
  An adder zombie (D:7)
  An adder skeleton (D:5)
  A worm (D:2)
  7 giant geckos
  59 orcs
  A ball python (D:1)
  3 bats
  3 giant cockroaches (D:1)
  9 goblins
  5 hobgoblins
  8 jackals
  13 kobolds
  A quokka (D:9)
  4 giant newts
  A goblin skeleton (D:8)
  2 jackal skeletons
  A quokka zombie (D:7)
  6 rats
699 creatures vanquished.

Vanquished Creatures (others)
  A human (D:8)
  5 centaurs
  A river rat (Lair:8)
  A giant gecko (D:7)
  2 kobolds (D:9)
  A fulminant prism (Lair:7)
  24 fungi
  8 plants
43 creatures vanquished.

Grand Total: 742 creatures vanquished

Notes
Turn   | Place    | Note
--------------------------------------------------------------
     0 | D:1      | nuthulu the Gargoyle Fighter began the quest for the Orb.
     0 | D:1      | Reached XP level 1. HP: 14/14 MP: 1/1
   222 | D:1      | Reached XP level 2. HP: 19/19 MP: 2/2
   577 | D:1      | Reached skill level 4 in Fighting
   577 | D:1      | Reached XP level 3. HP: 21/24 MP: 3/3
  1380 | D:2      | Found a snail-covered altar of Cheibriados.
  1515 | D:2      | Reached XP level 4. HP: 30/30 MP: 4/4
  1736 | D:3      | Found a faded altar to an unknown god.
  1851 | D:3      | Noticed Jessica
  1875 | D:3      | Killed Jessica
  2053 | D:3      | Found a glowing silver altar of Zin.
  2398 | D:3      | Reached skill level 5 in Fighting
  2398 | D:3      | Reached XP level 5. HP: 28/35 MP: 5/5
  2477 | D:4      | Noticed Sigmund
  2606 | D:4      | Killed Sigmund
  2606 | D:4      | Reached XP level 6. HP: 33/41 MP: 6/6
  2852 | D:4      | Reached skill level 6 in Fighting
  2964 | D:4      | Reached skill level 5 in Maces & Flails
  3009 | D:4      | Noticed Robin
  3018 | D:4      | Killed Robin
  3236 | D:4      | Noticed a phantom
  3273 | D:4      | Killed a phantom
  3273 | D:4      | Reached XP level 7. HP: 40/47 MP: 7/7
  3436 | D:5      | Entered Level 5 of the Dungeon
  3465 | D:5      | Noticed Blork the orc
  3474 | D:5      | Killed Blork the orc
  3539 | D:5      | Reached skill level 7 in Fighting
  3755 | D:5      | Found a staircase to the Ecumenical Temple.
  3770 | Temple   | Entered the Ecumenical Temple
  3883 | Temple   | Became a worshipper of Warmaster Okawaru
  4400 | D:6      | Reached XP level 8. HP: 53/53 MP: 8/8
  4476 | D:6      | Reached skill level 8 in Fighting
  4583 | D:6      | Reached * piety under Okawaru
  4864 | D:6      | Found an opulent altar of Gozag.
  4867 | D:6      | Found Gozag's Platinum Reserve.
  5019 | D:6      | Reached skill level 9 in Fighting
  5049 | D:6      | Reached XP level 9. HP: 57/60 MP: 9/9
  5284 | D:7      | Noticed a two-headed ogre
  5298 | D:7      | Killed a two-headed ogre
  5509 | D:7      | Reached ** piety under Okawaru
  5509 | D:7      | Reached skill level 10 in Fighting
  6113 | D:7      | Found a stormy altar of Qazlal.
  6127 | D:7      | Reached *** piety under Okawaru
  6393 | D:7      | Noticed Joseph
  6407 | D:7      | Killed Joseph
  6407 | D:7      | Reached skill level 11 in Fighting
  6407 | D:7      | Reached skill level 10 in Maces & Flails
  6407 | D:7      | Reached XP level 10. HP: 60/70 MP: 8/10
  6822 | D:8      | Found a runed door.
  6839 | D:8      | Found a basalt altar of Yredelemnul.
  7398 | D:8      | Gained mutation: You are dopey. (Int -2) [potion of mutation]
  7398 | D:8      | Gained mutation: Your body sometimes deteriorates upon taking damage. [potion of mutation]
  7398 | D:8      | Gained mutation: You possess an exceptional clarity of mind. [potion of mutation]
  7399 | D:8      | Lost mutation: Your body sometimes deteriorates upon taking damage. [potion of cure mutation]
  7399 | D:8      | Lost mutation: You possess an exceptional clarity of mind. [potion of cure mutation]
  7399 | D:8      | Lost mutation: You are dopey. (Int -2) [potion of cure mutation]
  8043 | D:9      | Received a gift from Okawaru
  8043 | D:9      | Reached skill level 12 in Fighting
  8240 | D:9      | Found Harysigg's Armour Boutique.
  8969 | D:10     | Entered Level 10 of the Dungeon
  9305 | D:10     | Reached **** piety under Okawaru
  9463 | D:10     | Reached XP level 11. HP: 76/76 MP: 11/11
  9464 | D:10     | Found Yttimnig's Antique Armour Boutique.
  9477 | D:10     | Bought a pair of gloves for 157 gold pieces
  9887 | D:10     | Reached skill level 13 in Fighting
 10195 | D:10     | Found a staircase to the Lair.
 10589 | Lair:1   | Entered Level 1 of the Lair of Beasts
 10618 | Lair:1   | Noticed Urug
 10665 | Lair:1   | Killed Urug
 10988 | Lair:1   | Reached ***** piety under Okawaru
 11007 | Lair:1   | Noticed Sonja
 11040 | Lair:1   | Killed Sonja
 11392 | Lair:1   | Noticed Gastronok
 11412 | Lair:1   | Killed Gastronok
 11412 | Lair:1   | Reached skill level 14 in Fighting
 11534 | Lair:1   | Received a gift from Okawaru
 11872 | Lair:1   | Reached XP level 12. HP: 86/86 MP: 12/12
 12237 | Lair:2   | Found a labyrinth entrance.
 12274 | Lab      | Entered a labyrinth
 12549 | Lab      | Noticed a minotaur
 12563 | Lab      | Killed a minotaur
 12576 | Lab      | Got a pair of spiked boots
 12589 | Lab      | Identified the +1 pair of boots of Feasting {rN+ Int+3} (You found it in a labyrinth)
 12873 | Lair:2   | Found a dark tunnel.
 12881 | Volcano  | Entered a volcano
 13057 | Volcano  | Found a radiant altar of Vehumet.
 13280 | Lair:2   | Noticed Nergalle
 13289 | Lair:2   | Killed Nergalle
 13373 | Lair:2   | Reached skill level 15 in Fighting
 13479 | Lair:2   | Noticed a five-headed hydra
 13492 | Lair:2   | Killed a five-headed hydra
 14203 | Lair:3   | Noticed a six-headed hydra
 14213 | Lair:3   | Killed a six-headed hydra
 14360 | Lair:3   | Noticed a five-headed hydra
 14391 | Lair:3   | Killed a five-headed hydra
 14632 | Lair:3   | Received a gift from Okawaru
 14999 | Lair:3   | Noticed a four-headed hydra
 15006 | Lair:3   | Killed a four-headed hydra
 15006 | Lair:3   | Reached XP level 13. HP: 67/93 MP: 13/13
 15362 | Lair:4   | Reached skill level 16 in Fighting
 15632 | Lair:4   | Found a staircase to the Shoals.
 15762 | Lair:4   | Reached skill level 15 in Maces & Flails
 15914 | Lair:4   | Reached ****** piety under Okawaru
 16045 | Lair:4   | Received a gift from Okawaru
 16852 | Lair:5   | Found a hole to the Spider Nest.
 17093 | Spider:1 | Entered Level 1 of the Spider Nest
 17471 | Lair:5   | Noticed Josephine
 17475 | Lair:5   | Reached skill level 17 in Fighting
 17509 | Lair:5   | Killed Josephine
 18269 | Lair:6   | Gained mutation: Your large and strong wings let you fly indefinitely. [Gargoyle growth]
 18269 | Lair:6   | Reached XP level 14. HP: 86/102 MP: 14/14
 18309 | Lair:6   | Received a gift from Okawaru
 18901 | Lair:7   | Reached skill level 5 in Armour
 18901 | Lair:7   | Reached skill level 5 in Shields
 19070 | Lair:7   | Found a staircase to the Slime Pits.
 19082 | Lair:7   | Noticed Conn321's ghost (journeyman DgCj)
 19115 | Lair:7   | Killed Conn321's ghost
 19915 | Lair:7   | Received a gift from Okawaru
 20069 | Lair:8   | Entered Level 8 of the Lair of Beasts
 21323 | Lair:8   | Reached XP level 15. HP: 107/107 MP: 15/15
 21576 | Lair:8   | Reached skill level 10 in Armour
 21585 | Lair:8   | Reached skill level 10 in Shields
 21598 | Lair:8   | Received a gift from Okawaru
 22565 | D:11     | Found a staircase to the Orcish Mines.
 22576 | D:11     | Found a roughly hewn altar of Beogh.
 22678 | Orc:1    | Entered Level 1 of the Orcish Mines
 22759 | Orc:2    | Entered Level 2 of the Orcish Mines
 22759 | Orc:2    | Noticed Azrael
 22794 | Orc:2    | Killed Azrael
 23193 | Orc:2    | Found a roughly hewn altar of Beogh.
 23401 | Orc:2    | Found Beiroc's Distillery.
 23404 | Orc:2    | Found Vyocem's Food Boutique.
 23946 | Orc:2    | Noticed Gagarin's ghost (journeyman TrMo)
 23957 | Orc:2    | Killed Gagarin's ghost
 24104 | Orc:2    | Killed from afar by an orc high priest

Vault maps used:
D:1:      tarquinn_simple_flora_water_d
D:2:      nicolae_overflow_crystal_walls, minmay_misc_feat_alley
D:3:      zin_academy, ecumenical_altar_2, uniq_jessica
D:4:      first_bread, hex_large, uniq_sigmund, uniq_robin
D:5:      minmay_temple_entry_junction2, minmay_misc_feat_x, uniq_blork_the_orc
D:6:      nicolae_gozag_zags_fifth_avenue
D:7:      grunt_livestock, serial_bayou_pond_b, kennysheep_diamond, uniq_joseph
D:8:      dk_yredelemnul_ordeal
D:9:      serial_shops, nicolae_shop_waterfront
D:10:     erik_lair_dragon, serial_shops, shop_statue
D:11:     minmay_orc_entry_temple_small, special_room, basic_loot_grate_trap,
          elyvilon_altar_5, uniq_psyche
Temple:   kilobyte_greek_temple_18
Lair:1:   serial_bayou_ford_a, uniq_urug, uniq_gastronok, uniq_sonja
Lair:2:   enter_volcano_2, lab_entry_generic, minmay_lair_oklob_bushes,
          uniq_nergalle
Lair:4:   cheibrodos_magma_flow, minmay_shoals_entry_centaurs
Lair:5:   spider_nest_entry_funnel_web, uniq_josephine
Lair:6:   grunt_megastairs_1
Lair:7:   slime_dummy, serial_bayou_pond_b
Lair:8:   minmay_lair_end_enchanted_forest, bobbens_ice_dragon_lair,
          serial_bayou_shore_a
Orc:1:    uniq_fannar
Orc:2:    pf_orc_diabolical, minmay_orc_temple_a, uniq_azrael
Lab:      labyrinth_watery, nicolae_lab_stuck, nicolae_lab_flowing_pool
Volcano:  volcano_grotto

Action                   |  1- 3 |  4- 6 |  7- 9 | 10-12 | 13-15 || total
-------------------------+-------+-------+-------+-------+-------++-------
Melee: Flail             |    77 |   166 |   404 |   897 |       ||  1544
       Eveningstar       |       |       |       |    39 |  1412 ||  1451
Invok: Heroism           |       |       |     3 |    11 |    10 ||    24
       Finesse           |       |       |       |       |     1 ||     1
 Abil: Fly               |       |       |       |       |     1 ||     1
Evoke: Wand              |       |       |       |     1 |       ||     1
  Use: Scroll            |     5 |     5 |     7 |    17 |     6 ||    40
       Potion            |       |     2 |       |     5 |     3 ||    10
 Stab: Invisible         |       |     1 |       |       |       ||     1
  Eat: Chunk             |     2 |     6 |    11 |    20 |     8 ||    47
       Bread ration      |       |       |       |     2 |     3 ||     5
       Meat ration       |       |       |       |       |     2 ||     2
